 Dungeon Crawl Stone Soup version 0.29.0 (webtiles) character file.

Game seed: 18093164699392416896

8742 Dorkslayer the Cleaver (level 11, -3/101 HPs)
             Began as a Hill Orc Fighter on Sept 17, 2022.
             Was an Initiate of Gozag.
             Killed from afar by an ice dragon (37 damage)
             ... with a blast of cold
             ... on level 10 of the Dungeon.
             The game lasted 00:35:37 (13513 turns).

Dorkslayer the Cleaver (Hill Orc Fighter)          Turns: 13513, Time: 00:35:39

Health: -3/101     AC: 20    Str: 22    XL:     11   Next: 35%
Magic:  11/11      EV:  7    Int:  8    God:    Gozag
Gold:   39         SH: 14    Dex: 12    Spells: 10/10 levels left

rFire   + . .      SeeInvis .   z - +1 broad axe
rCold   . . .      Faith    .   A - +0 kite shield
rNeg    . . .      Spirit   .   m - +3 plate armour {rF+}
rPois   +          Reflect  +   j - +0 helmet
rElec   .          Harm     .   n - +0 cloak
rCorr   .          Rampage  .   (no gloves)
Will    .....                   p - +0 pair of boots
Stlth   ..........              o - amulet of reflection
HPRegen 0.26/turn               l - ring of poison resistance
MPRegen 0.12/turn               (no ring)

@: no status effects
A: no striking features
a: Renounce Religion, Potion Petition, Call Merchant, Bribe Branch


You were on level 10 of the Dungeon.
You worshipped Gozag.
Gozag was noncommittal.
You visited 2 branches of the dungeon, and saw 11 of its levels.
You also visited: Ossuary.

You collected 779 gold pieces.
You spent 450 gold pieces at shops.
You paid 290 gold pieces to Gozag.

Inventory:

Hand Weapons
 a - a +0 war axe
 t - a +2 trident of flaming
 z - a +1 broad axe (weapon)
Missiles
 C - 5 curare-tipped darts (quivered)
Armour
 j - a +0 helmet (worn)
 m - a +3 plate armour of fire resistance (worn)
 n - a +0 cloak (worn)
 p - a +0 pair of boots (worn)
 A - a +0 kite shield (worn)
Jewellery
 l - a ring of poison resistance (left hand)
 o - an amulet of reflection (around neck)
Wands
 s - a wand of digging (3)
 D - a wand of charming (2)
Scrolls
 f - 3 scrolls of blinking
 g - 3 scrolls of magic mapping
 k - a scroll of teleportation
 q - a scroll of amnesia
 w - 5 scrolls of enchant armour
Potions
 d - a potion of cancellation
 e - a potion of mutation
 i - 3 potions of brilliance
 r - 3 potions of flight
 u - 3 potions of curing
 x - a potion of magic
Miscellaneous
 h - a lightning rod (4/4)


   Skills:
 * Level 10.6 Fighting
 + Level 12.5 Axes
 + Level 0.8 Throwing
 + Level 7.9 Armour
 + Level 5.5 Dodging
 + Level 0.3 Stealth
 + Level 5.7 Shields
 * Level 5.8 Evocations


You had 10 spell levels left.
You didn't know any spells.
Your spell library contained the following spells:

 Spells                   Type           Power      Damage    Failure   Level
 Foxfire                  Conj/Fire      0%         2x1d4     100%        1
 Freeze                   Ice            0%         1d3       100%        1
 Magic Dart               Conj           0%         1d3       100%        1
 Call Imp                 Summ           0%         N/A       100%        2
 Static Discharge         Conj/Air       0%         3-3/arc   100%        2
 Conjure Flame            Conj/Fire      0%         6-21      100%        3
 Frozen Ramparts          Ice            0%         1d1       100%        3
 Inner Flame              Hex/Fire       0%         N/A       100%        3
 Mephitic Cloud           Conj/Pois/Air  0%         N/A       100%        3
 Flame Wave               Conj/Fire      0%         2d4       100%        4
 Hailstorm                Conj/Ice       0%         3d3       100%        4
 Iskenderun's Battlesphe  Conj           0%         2d6       100%        5
 Lightning Bolt           Conj/Air       0%         1d11      100%        5
 Iron Shot                Conj/Erth      0%         9d1       100%        6
 Spellforged Servitor     Conj/Summ      0%         N/A       100%        7
 Borgnjor's Revivificati  Necr           0%         N/A       100%        8
 Maxwell's Capacitive Co  Air            0%         ∞         100%        8
 Necromutation            Tmut/Necr      0%         N/A       100%        8
 Death's Door             Necr           0%         N/A       100%        9


Dungeon Overview and Level Annotations

Branches:
Dungeon (10/15)            Temple (1/1) D:5            Lair (0/5) D:9
Ossuary (visited)
    Orc: D:9-12

Altars:
Ashenzari
Cheibriados
Dithmenos
Elyvilon
Fedhas
Gozag
Hepliaklqana
Kikubaaqudgha
Makhleb
Nemelex Xobeh
Okawaru
Qazlal
Ru
Sif Muna
Trog
Uskayaw
Vehumet
Wu Jian
Xom
Yredelemnul
Zin
The Shining One
Lugonu

Shops:
D:4 (   D:6 *   D:9 [[

Annotations:
D:5 exclusion: oklob plant


Message History

You swap places.
The ice dragon breathes frost at you.
The blast of cold hits your butterfly!!!
Your butterfly dies!
Your butterfly disappears in a burst of colours!
The blast of cold hits your butterfly!!!
Your butterfly dies!
Your butterfly disappears in a burst of colours!
The blast of cold hits your butterfly!!!
Your butterfly dies!
Your butterfly disappears in a burst of colours!
The blast of cold hits you!!
Throw: 6 darts (curare)
Press: ? - help, Q - select action, (/) - cycle Shift-Dir - straight line, f - ice dragon
Aim: an ice dragon (70% to hit)
You throw a curare-tipped dart.
The curare-tipped dart hits the ice dragon.
The ice dragon breathes frost at you. The blast of cold hits you!!!
Okay, then.
Throw: throwing net
Press: ? - help, Q - select action, (/) - cycle Shift-Dir - straight line, f/p - ice dragon
Aim: an ice dragon (catching its breath, 70% to hit, immune to nets)
You throw a throwing net.
The throwing net barely misses the ice dragon.
Okay, then.
Really read the scroll of immolation?
As you read the scroll of immolation, it crumbles to dust.
The creatures around you are filled with an inner flame!
You completely miss the ice dragon. The ice dragon bites you!
The ice dragon completely misses you. The ice dragon tramples you.
You stumble backwards!
You slice the ice dragon!!
Flame seeps out of the ice dragon.
The ice dragon is moderately wounded.
The ice dragon is engulfed in blazing flames.
Flame seeps out of the ice dragon.
The ice dragon breathes frost at you. The blast of cold hits you!!!
You die...
Your body crumbles into a pile of gold.

#......#....>..............
#......'.....##########....
#......#.....#........#....
#......#.....#........#....
#......#.... #........#....
####...#######........####.
#.....................##
#...^...................
#......@..............[.
#.....D.................
#.......................
####.############.#####.
#(# #.#####. #.# #..."###
#D# ####.# #######.# ##.#
#~~~~...#### #..#


You could see an ice dragon (inner flame, catching breath).

Vanquished Creatures
  A two-headed ogre (D:10)
  5 trolls
  A wyvern (D:9)
  6 yaks (D:9)
  A basilisk (D:9)
  3 steam dragons
  Edmund (D:6)
  An acid dragon (D:8)
  A water moccasin (D:5)
  2 sky beasts (D:7)
  An ice beast (D:5)
  3 orc warriors
  A black bear (D:9)
  3 ogres
  3 centaurs
  A phantom (D:5)
  3 kobold brigands
  4 bullfrogs
  A gnoll sergeant (D:10)
  2 necrophages (D:4)
  9 water moccasin zombies (Ossuary)
  2 scorpions
  4 wights
  22 killer bees
  4 howler monkeys (D:8)
  6 hounds
  9 orc priests
  2 jellies (D:5)
  3 gnoll boudas
  6 iguanas
  10 orc wizards
  2 mummies (Ossuary)
  14 gnolls
  14 adders
  A shadow imp (D:7)
  A white imp (D:7)
  7 adder zombies (Ossuary)
  2 dart slugs
  26 orcs
  4 ball pythons
  10 bats
  9 endoplasms
  3 giant cockroaches
  11 goblins
  10 hobgoblins
  17 kobolds
  8 quokkas
  3 frilled lizards
  6 hobgoblin zombies (Ossuary)
  3 kobold zombies (Ossuary)
  4 orc zombies (Ossuary)
  5 rats
281 creatures vanquished.

Vanquished Creatures (others)
  A demonic plant (Temple)
  18 fungi
  49 plants (D:5)
68 creatures vanquished.

Grand Total: 349 creatures vanquished

Notes
Turn   | Place    | Note
-------+----------+-------------------------------------------
     0 | D:1      | Dorkslayer the Hill Orc Fighter began the quest for the
                  | Orb.
     0 | D:1      | Reached XP level 1. HP: 19/19 MP: 1/1
   149 | D:1      | Reached XP level 2. HP: 27/27 MP: 2/2
   633 | D:1      | Reached skill level 3 in Axes
   778 | D:1      | Reached XP level 3. HP: 33/33 MP: 3/3
   996 | D:2      | Reached skill level 1 in Dodging
   996 | D:2      | Reached XP level 4. HP: 36/41 MP: 4/4
  1763 | D:3      | Found an ornate altar of the Wu Jian Council.
  2098 | D:3      | Reached skill level 5 in Fighting
  2098 | D:3      | Reached XP level 5. HP: 48/48 MP: 5/5
  2397 | D:3      | Reached skill level 4 in Axes
  2519 | D:4      | Reached skill level 5 in Axes
  2557 | D:4      | Reached XP level 6. HP: 34/56 MP: 6/6
  2937 | D:4      | Reached skill level 6 in Axes
  2988 | D:4      | Found Xileamom's Weapon Shop.
  3020 | D:4      | Reached XP level 7. HP: 61/62 MP: 7/7
  3346 | D:4      | Found a radiant altar of Vehumet.
  3361 | D:4      | Reached skill level 1 in Evocations
  3374 | D:4      | Found a bloodstained altar of Trog.
  3674 | D:5      | Entered Level 5 of the Dungeon
  3752 | D:5      | Found a white marble altar of Elyvilon.
  3805 | D:5      | Reached XP level 8. HP: 40/71 MP: 8/8
  3962 | D:5      | Found a burning altar of Makhleb.
  3990 | D:5      | Reached skill level 7 in Axes
  4235 | D:5      | Found a staircase to the Ecumenical Temple.
  4269 | Temple   | Entered the Ecumenical Temple
  4803 | D:5      | Found a blossoming altar of Fedhas.
  4816 | D:5      | Noticed an oklob plant
  4834 | D:5      | HP: 1/71 [oklob plant/splash of acid (38)]
  5528 | D:5      | Reached skill level 5 in Armour
  6185 | D:6      | Noticed Edmund
  6196 | D:6      | Killed Edmund
  6197 | D:6      | Reached skill level 8 in Axes
  6276 | D:6      | Reached XP level 9. HP: 13/79 MP: 9/9
  6287 | D:6      | Found a sand-covered staircase.
  6294 | Ossuary  | Entered an ossuary
  6833 | Ossuary  | Reached skill level 9 in Axes
  7128 | D:6      | Found Qaxido Keut's Overcharged Wands.
  7944 | D:7      | Reached skill level 10 in Axes
  8236 | D:7      | Reached XP level 10. HP: 66/90 MP: 10/10
  8533 | D:7      | Identified the +6 quarterstaff "Yxkaruli" {flame, rC+}
  9487 | D:8      | Found a broken altar of Ashenzari.
  9546 | D:8      | Reached skill level 5 in Shields
  9876 | D:8      | Found a shimmering altar of Xom.
  9877 | D:8      | Found a hazy altar of Hepliaklqana.
  9878 | D:8      | Noticed a spectral ugly thing
  9989 | D:8      | Found a glowing golden altar of the Shining One.
 10381 | D:9      | Reached skill level 11 in Axes
 10514 | D:9      | Found Wirriot's Armour Shoppe.
 10627 | D:9      | Noticed a lindwurm
 10627 | D:9      | Noticed a lindwurm
 10649 | D:9      | Found Nucsa's Armour Shoppe.
 10662 | D:9      | Bought a +3 plate armour of fire resistance for 450 gold
                  | pieces
 10696 | D:9      | Reached skill level 5 in Evocations
 10697 | D:9      | Found a staircase to the Lair.
 10739 | D:9      | Found an opulent altar of Gozag.
 10763 | D:10     | Entered Level 10 of the Dungeon
 10777 | D:10     | Noticed a two-headed ogre
 10787 | D:10     | Killed a two-headed ogre
 10788 | D:10     | Reached skill level 5 in Dodging
 11094 | D:9      | Reached skill level 10 in Fighting
 11094 | D:9      | Reached XP level 11. HP: 52/99 MP: 11/11
 11099 | D:9      | Reached skill level 12 in Axes
 11904 | D:10     | Found a stormy altar of Qazlal.
 12046 | D:10     | Identified the +3 long sword of Vusk {vorpal, Dex+3}
 12199 | D:10     | Noticed an ice dragon
 12476 | D:10     | Found a sacrificial altar of Ru.
 13323 | D:9      | Became a worshipper of Gozag Ym Sagoz the Greedy
 13368 | D:9      | Noticed a lindwurm
 13513 | D:10     | Killed from afar by an ice dragon

Illustrated notes

Levels and vault maps discovered:
D:1:      erik_arrival_triangle_small, layout_basic
D:2:      wander_river, layout_basic
D:3:      kennysheep_six_static_rooms, layout_basic,
          nicolae_wu_jian_wuxing_cycle
D:4:      layout_basic, mainiacjoe_overflow_catwalk, trog_hazing_becter,
          serial_shops, nicolae_shop_bloodbath_and_beyond,
          chequers_serial_rivers_large_b, minmay_cut_off
D:5:      layout_loops_corners, elyvilon_altar_1, tgw_fedhas, bloody_makhleb,
          minmay_temple_entry_junction, minmay_checkerbox
D:6:      layout_basic, nicolae_ossuary_entry_monument,
          nicolae_shop_overcharged_wands, uniq_edmund
D:7:      layout_layer_cave
D:8:      layout_basic, nicolae_overflow_crystal_walls,
          regret_index_temple_of_mockery, cheibrodos_ashenzari_chains,
          glass_columns_a, dreamdust_wishing_well
D:9:      layout_cave_pools, nicolae_gozag_cash_rules_everything_around_me,
          david_lair_generic, serial_shops, shop, nicolae_shop_statue_plus,
          minmay_lindwurm_lava
D:10:     dragon1_lemuel, layout_irregular_city, general_overflow_altar,
          lemuel_round_altar, minivault_5
Temple:   kb_corrupted_temple

Skill      XL: |  1  2  3  4  5  6  7  8  9 10 11 |
---------------+----------------------------------+-----
Fighting       | 4 5 6 7 8 10 | 10.6
Axes           | 3 5 6 8 10 11 12 | 12.5
Dodging        | 1 2 3 4 5 |  5.5
Armour         | 4 5 6 7 |  7.9
Shields        | 4 5 |  5.7
Evocations     | 1 3 4 5 |  5.8
Throwing       | |  0.8
Stealth        | |  0.3

Action                   |  1- 3 |  4- 6 |  7- 9 | 10-12 || total
-------------------------+-------+-------+-------+-------++-------
Melee: War axe           |   101 |   177 |   369 |       ||   647
       Broad axe         |       |       |    97 |   337 ||   434
Throw: Dart              |       |       |     3 |    18 ||    21
       Throwing net      |       |       |     3 |     1 ||     4
Evoke: Wand              |       |       |     6 |     5 ||    11
  Use: Potion            |       |     1 |     3 |    10 ||    14
       Scroll            |       |       |    12 |    14 ||    26
Armor: Scale mail        |    60 |       |       |       ||    60
       Chain mail        |       |    55 |       |       ||    55
       Plate armour      |       |    98 |   225 |   302 ||   625
Dodge: Dodged            |    50 |    94 |   120 |   163 ||   427
Block: Buckler           |    33 |    36 |    87 |   145 ||   301
